Map: Photon Cycles

Players

PiPuxD

  • Race: Protoss Protoss
  • League: Gold

MattBarry

  • Race: Protoss Protoss
  • League: Gold

VOD

Have the link to the VOD?

Description

Time

  • Played on: Feb. 13, 2023, 12:01 a.m.
  • Length: 13:33
Show
View Real Time Build Order
Export as new Build Order

PiPuxD Protoss 

Build Orders:  

Get SALT Encoding   

Show
View Real Time Build Order
Export as new Build Order

MattBarry Protoss 

Build Orders:  

Get SALT Encoding   

    1:06  Unknown  
    1:10  Unknown x7  
    1:11  Unknown x7  
    1:12  Unknown x8  
    1:13  Unknown x7  
    1:14  Unknown x8  
    1:15  Unknown x7  
    1:16  Unknown x8  
    1:17  Unknown x7  
    1:18  Unknown x8  
    1:19  Unknown x7  
    1:20  Unknown x8  
    1:21  Unknown x7  
    1:22  Unknown x8  
    1:23  Unknown x7  
    1:24  Unknown x7  
    1:25  Unknown x8  
    1:26  Unknown x7  
    1:27  Unknown x8  
    1:28  Unknown x7  
    1:29  Unknown x8  
    1:30  Unknown x7  
    1:31  Unknown x4  
    1:36  Unknown  
    1:40  Unknown x3  
    1:45  Unknown  
    1:48  Unknown x2  
    1:49  Unknown x8  
    1:50  Unknown x7  
    1:51  Unknown x8  
    1:52  Unknown x7  
    1:53  Unknown x8  
    1:54  Unknown x7  
    1:55  Unknown x8  
    1:56  Unknown x7  
    1:57  Unknown x8  
    1:58  Unknown x7  
    1:59  Unknown x7  
    2:00  Unknown x8  
    2:01  Unknown x7  
    2:02  Unknown x8  
    2:03  Unknown x7  
    2:04  Unknown x8  
    2:05  Unknown x7  
    2:06  Unknown x2  
    2:11  Unknown  
    2:14  Unknown x3  
    2:15  Unknown x8  
    2:16  Unknown x7  
    2:17  Unknown x8  
    2:18  Unknown x7  
    2:19  Unknown x7  
    2:20  Unknown x8  
    2:21  Unknown x7  
    2:22  Unknown x8  
    2:23  Unknown x7  
    2:24  Unknown x8  
    2:25  Unknown x7  
    2:26  Unknown x8  
    2:27  Unknown x7  
    2:28  Unknown x8  
    2:29  Unknown x7  
    2:30  Unknown x8  
    2:31  Unknown x7  
    2:32  Unknown x8  
    2:33  Unknown x7  
    2:34  Unknown x7  
    2:35  Unknown x8  
    2:36  Unknown x7  
    2:37  Unknown x8  
    2:38  Unknown x7  
    2:39  Unknown x8  
    2:40  Unknown x7  
    2:41  Unknown x8  
    2:42  Unknown x7  
    2:43  Unknown x8  
    2:44  Unknown x7  
    2:45  Unknown x8  
    2:46  Unknown x7  
    2:52  Unknown  
    2:55  Unknown x4  
    2:56  Unknown x8  
    2:57  Unknown x7  
    2:58  Unknown x8  
    2:59  Unknown x7  
    3:00  Unknown x8  
    3:01  Unknown x7  
    3:02  Unknown x8  
    3:03  Unknown x7  
    3:04  Unknown x7  
    3:05  Unknown x8  
    3:06  Unknown x7  
    3:07  Unknown x8  
    3:08  Unknown x7  
    3:09  Unknown x4  
    3:14  Unknown  
    3:17  Unknown  
    3:18  Unknown x7  
    3:19  Unknown x7  
    3:20  Unknown x8  
    3:21  Unknown x7  
    3:22  Unknown x8  
    3:23  Unknown x7  
    3:24  Unknown x8  
    3:25  Unknown x7  
    3:26  Unknown x6  
    3:31  Unknown  
    3:35  Unknown x6  
    3:36  Unknown x8  
    3:37  Unknown x7  
    3:38  Unknown x8  
    3:39  Unknown x7  
    3:40  Unknown x8  
    3:41  Unknown x7  
    3:42  Unknown x8  
    3:43  Unknown x7  
    3:44  Unknown x7  
    3:45  Unknown x8  
    3:46  Unknown x7  
    3:47  Unknown x8  
    3:48  Unknown x7  
    3:49  Unknown x8  
    3:50  Unknown x7  
    3:51  Unknown x8  
    3:52  Unknown x7  
    3:53  Unknown x8  
    3:54  Unknown x7  
    3:55  Unknown x8  
    3:56  Unknown x7  
    3:57  Unknown x8  
    3:58  Unknown x7  
    3:59  Unknown x7  
    4:00  Unknown x8  
    4:01  Unknown x7  
    4:02  Unknown x8  
    4:03  Unknown x7  
    4:04  Unknown x8  
    4:05  Unknown x7  
    4:06  Unknown x8  
    4:07  Unknown x7  
    4:08  Unknown x8  
    4:09  Unknown  
    4:14  Unknown  
    4:17  Unknown x3  
    4:18  Unknown x7  
    4:19  Unknown x8  
    4:20  Unknown x7  
    4:21  Unknown x8  
    4:22  Unknown x7  
    4:23  Unknown x8  
    4:24  Unknown x7  
    4:25  Unknown x8  
    4:26  Unknown x7  
    4:27  Unknown x8  
    4:28  Unknown x7  
    4:29  Unknown x7  
    4:30  Unknown x8  
    4:31  Unknown x7  
    4:32  Unknown x8  
    4:33  Unknown x7  
    4:34  Unknown x8  
    4:35  Unknown x7  
    4:36  Unknown x8  
    4:37  Unknown x7  
    4:38  Unknown x8  
    4:39  Unknown x7  
    4:40  Unknown x8  
    4:41  Unknown x5  
    4:46  Unknown  
    4:50  Unknown x7  
    4:51  Unknown x7  
    4:52  Unknown x8  
    4:53  Unknown x7  
    4:54  Unknown x8  
    4:55  Unknown x7  
    4:56  Unknown x8  
    4:57  Unknown x7  
    4:58  Unknown x8  
    4:59  Unknown x7  
    5:00  Unknown x8  
    5:01  Unknown x7  
    5:02  Unknown x8  
    5:03  Unknown x7  
    5:04  Unknown x7  
    5:05  Unknown x3  
    5:10  Unknown  
    5:13  Unknown x2  
    5:14  Unknown x8  
    5:15  Unknown x7  
    5:20  Unknown  
    5:24  Unknown x5  
    5:25  Unknown x7  
    5:26  Unknown x8  
    5:27  Unknown x7  
    5:28  Unknown x8  
    5:29  Unknown x7  
    5:30  Unknown x8  
    5:31  Unknown x7  
    5:32  Unknown x8  
    5:33  Unknown x7  
    5:34  Unknown x7  
    5:35  Unknown x8  
    5:36  Unknown x7  
    5:37  Unknown x8  
    5:38  Unknown x7  
    5:39  Unknown x8  
    5:40  Unknown x7  
    5:41  Unknown x8  
    5:42  Unknown x7  
    5:43  Unknown x8  
    5:44  Unknown x7  
    5:45  Unknown x8  
    5:46  Unknown x7  
    5:47  Unknown x2  
    5:52  Unknown  
    5:55  Unknown x3  
    5:56  Unknown x7  
    5:57  Unknown x8  
    5:58  Unknown x7  
    5:59  Unknown x8  
    6:00  Unknown x7  
    6:01  Unknown x8  
    6:02  Unknown x7  
    6:03  Unknown x8  
    6:04  Unknown x7  
    6:05  Unknown x8  
    6:06  Unknown x7  
    6:07  Unknown x8  
    6:08  Unknown x7  
    6:09  Unknown x7  
    6:10  Unknown x8  
    6:11  Unknown x7  
    6:12  Unknown x8  
    6:13  Unknown x7  
    6:14  Unknown x8  
    6:15  Unknown x7  
    6:16  Unknown x8  
    6:17  Unknown x7  
    6:18  Unknown x8  
    6:19  Unknown x7  
    6:20  Unknown x8  
    6:21  Unknown x7  
    6:22  Unknown x8  
    6:23  Unknown x7  
    6:24  Unknown x7  
    6:25  Unknown x8  
    6:26  Unknown x7  
    6:27  Unknown x8  
    6:33  Unknown  
    6:36  Unknown x4  
    6:37  Unknown x8  
    6:38  Unknown x7  
    6:39  Unknown x7  
    6:40  Unknown x8  
    6:41  Unknown x7  
    6:42  Unknown x8  
    6:43  Unknown x7  
    6:44  Unknown x8  
    6:45  Unknown x7  
    6:46  Unknown x8  
    6:47  Unknown x7  
    6:48  Unknown x8  
    6:49  Unknown x7  
    6:50  Unknown x8  
    6:51  Unknown x7  
    6:52  Unknown x8  
    6:53  Unknown x7  
    6:54  Unknown x7  
    6:55  Unknown x8  
    6:56  Unknown x7  
    6:57  Unknown x8  
    6:58  Unknown x7  
    6:59  Unknown x8  
    7:00  Unknown x7  
    7:01  Unknown x8  
    7:02  Unknown x7  
    7:03  Unknown x8  
    7:04  Unknown x7  
    7:05  Unknown x8  
    7:06  Unknown x7  
    7:07  Unknown x8  
    7:08  Unknown x7  
    7:09  Unknown x7  
    7:10  Unknown x8  
    7:11  Unknown x7  
    7:12  Unknown x8  
    7:13  Unknown x7  
    7:14  Unknown x8  
    7:15  Unknown x7  
    7:16  Unknown x8  
    7:17  Unknown x7  
    7:18  Unknown x8  
    7:19  Unknown x7  
    7:20  Unknown x8  
    7:21  Unknown x7  
    7:22  Unknown x8  
    7:23  Unknown x7  
    7:24  Unknown x7  
    7:30  Unknown  
    7:33  Unknown x5  
    7:34  Unknown x7  
    7:35  Unknown x8  
    7:36  Unknown x7  
    7:37  Unknown x8  
    7:38  Unknown x7  
    7:39  Unknown x7  
    7:40  Unknown x8  
    7:41  Unknown x7  
    7:42  Unknown x8  
    7:43  Unknown x7  
    7:44  Unknown x8  
    7:45  Unknown x5  
    7:50  Unknown  
    7:54  Unknown x6  
    7:55  Unknown x8  
    7:56  Unknown x6  
    8:01  Unknown  
    8:05  Unknown x6  
    8:06  Unknown x7  
    8:07  Unknown x8  
    8:08  Unknown x7  
    8:09  Unknown x7  
    8:10  Unknown x8  
    8:11  Unknown x7  
    8:12  Unknown x8  
    8:13  Unknown x7  
    8:14  Unknown x8  
    8:15  Unknown x7  
    8:16  Unknown x8  
    8:17  Unknown x7  
    8:18  Unknown x8  
    8:24  Unknown  
    8:27  Unknown x5  
    8:28  Unknown x7  
    8:29  Unknown x7  
    8:30  Unknown x8  
    8:31  Unknown x7  
    8:32  Unknown x8  
    8:33  Unknown x7  
    8:34  Unknown x5  
    8:39  Unknown  
    8:43  Unknown x7  
    8:44  Unknown x7  
    8:45  Unknown x8  
    8:46  Unknown x7  
    8:47  Unknown x8  
    8:48  Unknown x7  
    8:49  Unknown x8  
    8:50  Unknown x7  
    8:51  Unknown x8  
    8:52  Unknown x7  
    8:53  Unknown x8  
    8:54  Unknown x7  
    8:55  Unknown x8  
    8:56  Unknown x7  
    8:57  Unknown x8  
    8:58  Unknown x7  
    8:59  Unknown x7  
    9:00  Unknown x8  
    9:01  Unknown x7  
    9:02  Unknown x8  
    9:03  Unknown x7  
    9:04  Unknown x8  
    9:05  Unknown x7  
    9:06  Unknown x8  
    9:07  Unknown x7  
    9:08  Unknown x8  
    9:09  Unknown x7  
    9:10  Unknown x8  
    9:11  Unknown x7  
    9:12  Unknown x8  
    9:13  Unknown x7  
    9:14  Unknown x5  
    9:19  Unknown  
    9:23  Unknown x7  
    9:24  Unknown x8  
    9:25  Unknown x7  
    9:26  Unknown x8  
    9:27  Unknown x7  
    9:28  Unknown x8  
    9:29  Unknown x7  
    9:30  Unknown x8  
    9:31  Unknown x7  
    9:32  Unknown x8  
    9:33  Unknown x2  
    9:38  Unknown  
    9:41  Unknown x2  
    9:42  Unknown x8  
    9:43  Unknown x7  
    9:44  Unknown x7  
    9:45  Unknown x8  
    9:46  Unknown x7  
    9:47  Unknown x8  
    9:48  Unknown x7  
    9:49  Unknown x8  
    9:50  Unknown x7  
    9:51  Unknown x8  
    9:52  Unknown x7  
    9:53  Unknown x8  
    9:54  Unknown x7  
    9:55  Unknown x8  
    9:56  Unknown x7  
    9:57  Unknown x8  
    9:58  Unknown x7  
    9:59  Unknown x7  
    10:00  Unknown x8  
    10:01  Unknown x7  
    10:02  Unknown x8  
    10:03  Unknown x7  
    10:04  Unknown x4  
    10:09  Unknown  
    10:12  Unknown  
    10:13  Unknown x8  
    10:14  Unknown x7  
    10:15  Unknown x8  
    10:16  Unknown x4  
    10:21  Unknown  
    10:25  Unknown x8  
    10:26  Unknown x7  
    10:27  Unknown x8  
    10:28  Unknown x7  
    10:29  Unknown x8  
    10:30  Unknown x7  
    10:31  Unknown x8  
    10:32  Unknown x7  
    10:33  Unknown x8  
    10:34  Unknown x7  
    10:35  Unknown x8  
    10:36  Unknown x7  
    10:37  Unknown x8  
    10:38  Unknown x7  
    10:39  Unknown x7  
    10:40  Unknown x8  
    10:41  Unknown x7  
    10:42  Unknown x8  
    10:43  Unknown x7  
    10:44  Unknown x8  
    10:45  Unknown x7  
    10:46  Unknown x8  
    10:47  Unknown x7  
    10:48  Unknown x3  
    10:53  Unknown  
    10:56  Unknown x2  
    10:57  Unknown x7  
    10:58  Unknown x8  
    10:59  Unknown x7  
    11:00  Unknown x8  
    11:01  Unknown x7  
    11:02  Unknown x8  
    11:03  Unknown x7  
    11:04  Unknown x7  
    11:05  Unknown x8  
    11:06  Unknown x7  
    11:07  Unknown x8  
    11:08  Unknown x7  
    11:09  Unknown x8  
    11:10  Unknown x7  
    11:11  Unknown x8  
    11:12  Unknown x7  
    11:13  Unknown x8  
    11:14  Unknown x7  
    11:15  Unknown x8  
    11:16  Unknown x7  
    11:17  Unknown x8  
    11:18  Unknown x7  
    11:19  Unknown x3  
    11:24  Unknown  
    11:27  Unknown  
    11:28  Unknown x8  
    11:29  Unknown x7  
    11:35  Unknown  
    11:38  Unknown x4  
    11:39  Unknown x8  
    11:40  Unknown x7  
    11:41  Unknown x8  
    11:42  Unknown x7  
    11:43  Unknown x8  
    11:44  Unknown x7  
    11:45  Unknown x4  
    11:50  Unknown  
    11:53  Unknown  
    11:54  Unknown x7  
    11:55  Unknown x8  
    11:56  Unknown x7  
    11:57  Unknown x8  
    11:58  Unknown x7  
    11:59  Unknown x7  
    12:00  Unknown x8  
    12:01  Unknown x7  
    12:02  Unknown x8  
    12:03  Unknown x7  
    12:04  Unknown x8  
    12:05  Unknown x7  
    12:06  Unknown x8  
    12:07  Unknown x7  
    12:08  Unknown x8  
    12:09  Unknown x7  
    12:10  Unknown x8  
    12:11  Unknown x7  
    12:12  Unknown x8  
    12:13  Unknown x7  
    12:14  Unknown x7  
    12:15  Unknown x8  
    12:16  Unknown x7  
    12:17  Unknown x8  
    12:18  Unknown x7  
    12:19  Unknown x8  
    12:20  Unknown x7  
    12:21  Unknown x8  
    12:22  Unknown x3  
    12:27  Unknown  
    12:30  Unknown  
    12:31  Unknown x8  
    12:32  Unknown x7  
    12:33  Unknown x8  
    12:34  Unknown x7  
    12:35  Unknown x8  
    12:36  Unknown x7  
    12:37  Unknown x8  
    12:38  Unknown x7  
    12:39  Unknown x3  
    12:44  Unknown  
    12:47  Unknown x2  
    12:48  Unknown x7  
    12:49  Unknown x8  
    12:50  Unknown x7  
    12:51  Unknown x8  
    12:52  Unknown x7  
    12:53  Unknown x8  
    12:54  Unknown x7  
    12:55  Unknown x8  
    12:56  Unknown x7  
    12:57  Unknown x8  
    13:03  Unknown  
    13:06  Unknown x4  
    13:07  Unknown x8  
    13:08  Unknown x7  
    13:09  Unknown x8  
    13:10  Unknown x7  
    13:11  Unknown x8  
    13:12  Unknown x7  
    13:13  Unknown x8  
    13:14  Unknown x7  
    13:15  Unknown x8  
    13:16  Unknown x7  
    13:17  Unknown x8  
    13:18  Unknown x7  
    13:19  Unknown x7  
    13:20  Unknown x8  
    13:21  Unknown x7  
    13:22  Unknown x8  
    13:23  Unknown x7  
    13:24  Unknown x8  
    13:25  Unknown x7  
    13:26  Unknown x8  
    13:27  Unknown x7  
    13:28  Unknown x2  
    13:33  Unknown  
Tags
 
League
GoldGold
Matchup
PvP
Replay Pack
Multiplayer
Add a new tag
Caveats
  • Supply blocks, unpowered buildings, or Contaminate may cause inaccurate times.
  • Supply counts are checked every 10 seconds.